 Dungeon Crawl Stone Soup version 0.26.1-11-gd32895ea62 (webtiles) character file.

Game seed: 9162700897871210290

259 Zeld the Twirler (level 6, 0/39 HPs)
             Began as an Octopode Gladiator on May 22, 2021.
             Slain by a gnoll
             ... wielding a +0 spear
              (11 damage)
             ... on level 3 of the Dungeon.
             The game lasted 00:02:29 (3862 turns).

Zeld the Twirler (Octopode Gladiator)               Turns: 3862, Time: 00:02:31

Health: 0/39       AC:  1    Str: 16    XL:     6   Next: 17%
Magic:  6/6        EV: 14    Int: 10    God:
Gold:   121        SH:  0    Dex: 13    Spells: 5/5 levels left

rFire    . . .     SeeInvis .   a - +0 quarterstaff
rCold    . . .     Faith    .   (shield currently unavailable)
rNeg     . . .     Spirit   .   b - +0 hat
rPois    .         Reflect  .   (no amulet)
rElec    .         Harm     .   (no ring)
rCorr    .         Rampage  .   (no ring)
Will     .....                  (no ring)
Stlth    ++........             (no ring)
HPRegen  0.13/turn              (no ring)
MPRegen  0.10/turn              (no ring)
                                (no ring)
                                (no ring)

@: marked
A: almost no armour, stealthy swim, amphibious, 8 rings, constrict 8, camouflage
1, gelatinous body 1
a: no special abilities


You were on level 3 of the Dungeon.
You visited 1 branch of the dungeon, and saw 3 of its levels.

You collected 121 gold pieces.

Inventory:

Hand Weapons
 a - a +0 quarterstaff (weapon)
Missiles
 c - 3 throwing nets (quivered)
 l - 4 javelins
 p - 8 poisoned darts
Armour
 b - a +0 hat (worn)
Jewellery
 o - an uncursed amulet of guardian spirit {unknown}
Scrolls
 d - a scroll of teleportation {unknown}
 e - a scroll of enchant weapon {unknown}
 g - a scroll of amnesia {unknown}
 h - 4 scrolls of remove curse {unknown}
 k - 3 scrolls of identify {unknown}
 m - 2 scrolls of blinking {unknown}
 n - a scroll of immolation {unknown}
Potions
 f - a potion of lignification {unknown}
 i - a potion of invisibility {unknown}
 j - 3 potions of heal wounds {unknown}


   Skills:
 - Level 2.0 Fighting
 * Level 6.7 Staves
 - Level 2.0 Throwing
 - Level 3.0 Dodging


You had 5 spell levels left.
You didn't know any spells.
Your spell library was empty.

Dungeon Overview and Level Annotations

Branches:
Dungeon (3/15)

Altars:
Sif Muna
Xom


Innate Abilities, Weirdness & Mutations

You cannot wear most types of armour.
You are very stealthy in the water. (Stealth+)
You are amphibious.
You can wear up to eight rings at the same time.
You can use your tentacles to constrict eight enemies at once.
Your skin changes colour to match your surroundings (Stealth+).
Your rubbery body absorbs attacks. (AC +1, EV +1)


Message History

The orc wizard closely misses you.
The gnoll hits you from afar with a +0 spear.
You are too injured to fight recklessly!
You are too injured to fight recklessly!
You are too injured to fight recklessly!
You are too injured to fight recklessly!
You are too injured to fight recklessly!
You closely miss the orc wizard. You grab the orc wizard.
You constrict the orc wizard.
The orc wizard hits you with a +0 dagger.
* * * LOW HITPOINT WARNING * * *
The gnoll barely misses you.
The orc wizard struggles to escape constriction.
You thump the orc wizard!
The orc wizard is severely wounded.
You constrict the orc wizard, but do no damage.
An orc comes into view.
The orc wizard escapes!
The gnoll hits you from afar with a +0 spear!
You die...

.# ##. .## #.. ... #.# .#.
###o### .# ##§≈§..## . g
##§§§..≈^## # # #
...#@_§§.≈.≈_#.# ##.#
#.g⌠o._._≈#..⌠.# ..g# ##
##.#§♣.#.#._### #### #.##
#.###[#..≈^## # #...#
#..##§≈≈_≈##
####.....#####..####⌠#######
#...............# #........
.........##.....# #[#######
÷.........).....# #)#


You could see an orc wizard (fast), a gnoll and an orc.

Vanquished Creatures
  An orc priest (D:3)
  An orc wizard (D:3)
  5 gnolls (D:3)
  5 adders
  An ooze (D:1)
  3 worms
  2 dart slugs
  A leopard gecko (D:2)
  12 orcs (D:3)
  5 giant cockroaches
  8 goblins
  10 hobgoblins
  4 jackals
  A quokka (D:3)
  A ball python (D:2)
  4 bats
  6 frilled lizards
  8 kobolds
  5 rats
83 creatures vanquished.

Notes
Turn   | Place    | Note
-------+----------+-------------------------------------------
     0 | D:1      | Zeld the Octopode Gladiator began the quest for the Orb.
     0 | D:1      | Reached XP level 1. HP: 14/14 MP: 1/1
   393 | D:1      | Reached XP level 2. HP: 16/19 MP: 2/2
   796 | D:1      | Reached skill level 4 in Staves
  1318 | D:1      | Reached XP level 3. HP: 24/24 MP: 3/3
  1569 | D:2      | Found a shimmering blue altar of Sif Muna.
  1844 | D:2      | Reached XP level 4. HP: 23/29 MP: 4/4
  2200 | D:2      | Reached skill level 5 in Staves
  2754 | D:3      | Reached XP level 5. HP: 16/34 MP: 5/5
  3462 | D:3      | Reached skill level 6 in Staves
  3806 | D:3      | Found a shimmering altar of Xom.
  3809 | D:3      | Found a shimmering altar of Xom.
  3809 | D:3      | Found a shimmering altar of Xom.
  3810 | D:3      | Found a shimmering altar of Xom.
  3811 | D:3      | Found a shimmering altar of Xom.
  3811 | D:3      | Found a shimmering altar of Xom.
  3845 | D:3      | Reached XP level 6. HP: 23/39 MP: 6/6
  3862 | D:3      | Slain by a gnoll

Illustrated notes

Levels and vault maps discovered:
D:1:      giann_forest_graveyard, layout_loops_corners,
          chequers_serial_rivers_large_a
D:2:      layout_basic, led_sif_pool, grunt_decor_junction, kennysheep_donut
D:3:      layout_loops_ring, xom_redecorated

Skill      XL: |  1  2  3  4  5 |
---------------+----------------+-----
Staves         | 4 5 6 |  6.7
Fighting       | |  2.0
Throwing       | |  2.0
Dodging        | |  3.0

Action                   |  1- 3 |  4- 6 || total
-------------------------+-------+-------++-------
Melee: Quarterstaff      |    82 |    87 ||   169
       Constrict         |    20 |    31 ||    51
       Tentacles         |     7 |    10 ||    17
 Stab: Sleeping          |     8 |     4 ||    12
Armor: Skin              |     7 |     3 ||    10
Dodge: Dodged            |    68 |    59 ||   127
